 Dungeon Crawl Stone Soup version 0.28-a0-1147-gc7b72d3202 (webtiles) character file.

Game seed: 12201435185948298439

114939 Mageowned the Warrior (level 16, -1/157 HPs)
             Began as a Minotaur Berserker on Dec 14, 2021.
             Was a High Priest of Trog.
             Slain by a tyrant leech (13 damage)
             ... on level 2 of the Swamp.
             The game lasted 01:56:53 (33578 turns).

Mageowned the Warrior (Minotaur Berserker)         Turns: 33578, Time: 01:56:55

Health: -1/157     AC: 30    Str: 34    XL:     16   Next: 17%
Magic:  15/15      EV: 12    Int:  8    God:    Trog [*****.]
Gold:   1228       SH: 17    Dex: 17    Spells: 15/15 levels left

rFire   . . .      SeeInvis .   q - +2 double sword (vorpal)
rCold   + . .      Faith    .   u - +3 kite shield
rNeg    . . .      Spirit   .   a - +4 plate armour {rC+}
rPois   .          Reflect  .   I - +2 hat
rElec   +          Harm     .   D - +2 cloak
rCorr   +          Rampage  .   t - +1 pair of gloves {Str+3}
Will    ++...                   (no boots)
Stlth   ..........              (no amulet)
HPRegen 0.36/turn               X - ring of Xapeeriv {Drain rElec rCorr Int+4 Dex+8}
MPRegen 0.14/turn               x - ring of willpower

@: on berserk cooldown, slowed, studying Staves, very slow
A: horns 2, retaliatory headbutt
a: Renounce Religion, Berserk, Trog's Hand, Brothers in Arms


You were on level 2 of the Swamp.
You worshipped Trog.
Trog was extremely pleased with you.
You visited 4 branches of the dungeon, and saw 25 of its levels.

You collected 2181 gold pieces.
You spent 953 gold pieces at shops.

Inventory:

Hand Weapons
 f - a +3 dire flail of venom
 q - a +2 vorpal double sword (weapon)
 S - a +4 scimitar of flaming
Missiles
 d - 673 stones
 p - 3 throwing nets
 G - 66 poisoned darts (quivered)
 L - 6 curare-tipped darts
 R - 10 large rocks
Armour
 a - a +4 plate armour of cold resistance (worn)
 r - a +0 tower shield
 t - a +1 pair of gloves of strength (worn)
 u - a +3 kite shield (worn)
 D - a +2 cloak (worn)
 I - a +2 hat (worn)
Jewellery
 c - a +6 ring of strength
 w - an amulet of faith
 x - a ring of willpower (right hand)
 H - a +4 ring of slaying
 X - the ring of Xapeeriv (left hand) {Drain rElec rCorr Int+4 Dex+8}
   (You found it on level 4 of the Lair of Beasts)

   [ring of resist corrosion]

   Int:       It affects your intelligence (+4).
   Dex:       It affects your dexterity (+8).
   rElec:     It insulates you from electricity.
   rCorr:     It protects you from acid and corrosion.
   Drain:     It drains your maximum health when unequipped.
Wands
 k - a wand of flame (97)
 s - a wand of charming (5)
 z - a wand of paralysis (13)
 B - a wand of mindburst (15)
 J - a wand of acid (28)
 V - a wand of iceblast (5)
Scrolls
 b - 5 scrolls of immolation
 g - 13 scrolls of identify
 l - 2 scrolls of fear
 o - 3 scrolls of teleportation
 v - a scroll of blinking
 Y - a scroll of magic mapping
 Z - 2 scrolls of enchant armour
Potions
 e - 5 potions of flight
 h - a potion of cancellation
 i - 3 potions of berserk rage
 j - 3 potions of degeneration
 m - 9 potions of curing
 n - 2 potions of heal wounds
 M - 5 potions of ambrosia
 N - a potion of invisibility
 O - a potion of mutation
 P - 2 potions of haste
 Q - 3 potions of might


   Skills:
 + Level 18.0 Fighting
 - Level 5.0(10.4) Short Blades
 + Level 15.3(15.6) Long Blades
 - Level 5.2 Axes
 + Level 7.0 Throwing
 + Level 17.8 Armour
 - Level 6.5 Dodging
 - Level 15.0 Shields


You had 15 spell levels left.
You didn't know any spells.
Your spell library was empty.

Dungeon Overview and Level Annotations

Branches:
Dungeon (15/15)            Temple (0/1) D:7            Lair (6/6) D:8
  Swamp (2/4) Lair:3        Snake (0/4) Lair:3        Slime (0/5) Lair:6
    Orc (2/2) D:9             Elf (0/3) Orc:2        Vaults (0/5) D:14
 Depths (0/4) D:15

Altars:
Ashenzari
Okawaru
Xom
Beogh

Shops:
D:1 ?   Orc:1 [   Orc:2 =*[(

Annotations:
D:9 3 runed translucent doors, exclusion: 3 doors, Decritt's ghost, novice MiFi; Peloso's ghost, novice MiFi; drclinical's ghost, novice HOBe; fly's ghost, journeyman FoDe
D:15 Peloso's ghost, adept MiFi
Swamp:1 2 transporters


Innate Abilities, Weirdness & Mutations

You have a pair of horns on your head.
You reflexively headbutt those who attack you in melee.


Message History

You headbutt the spriggan rider! You slash the spriggan rider!
You kill the spriggan rider!
Trog accepts your kill.
You kill the hornet!
Trog accepts your kill.
The spriggan rider hits you but does no damage.
The tyrant leech bites you but does no damage.
You barely miss the spriggan rider.
The spriggan rider is moderately wounded.
The spriggan rider hits you but does no damage.
You block the tyrant leech's attack.
You completely miss the spriggan rider.
The spriggan rider is moderately wounded.
You block the spriggan rider's attack. You block the tyrant leech's attack.
You hit the spriggan rider.
Your headbutt misses the spriggan rider.
The spriggan rider is moderately wounded.
The spriggan rider hits you with a +0 spear!
* * * LOW HITPOINT WARNING * * *
The tyrant leech bites you!
* * * LOW HITPOINT WARNING * * *
The tyrant leech draws strength from your injuries!
You block the spriggan rider's attack.
You closely miss the spriggan rider.
The spriggan rider is moderately wounded.
The tyrant leech bites you but does no damage.
You block the spriggan rider's attack.
You slash the spriggan rider!
The spriggan rider is heavily wounded.
The spriggan rider hits you with a +0 spear!!
* * * LOW HITPOINT WARNING * * *
The tyrant leech bites you but does no damage.
You carve the spriggan rider like a ham!!!
You kill the spriggan rider!
Trog accepts your kill.
You kill the hornet!
Trog accepts your kill. The tyrant leech bites you!
You die...

. ≈... ≈> ≈≈.≈. ≈≈ ♣♣♣
...≈♣ ≈≈≈. ≈.
♣♣..♣♣♣♣♣♣...♣ ♣≈≈≈.≈§.
♣≈...♣.≈≈.≈.♣ ♣≈≈≈.....
♣...≈...≈.♣♣♣.♣.♣.≈♣♣≈ ♣
♣.[.≈))..♣♣..≈...≈ ♣≈
♣..≈♣≈.w@)≈♣♣....♣.♣♣♣♣♣.
♣≈≈..≈..≈.(♣.w..........
♣♣≈≈≈≈..≈≈≈.♣...........
♣....≈.....≈.≈...#+#.####
.≈....≈§...≈≈≈...#....÷#.
..≈♣..≈.....≈≈≈........#.
≈........≈..≈≈≈..#.......
≈§≈....≈....≈.≈...#.#.##.
≈...≈≈≈...≈.≈†..#÷..#...


You could see a tyrant leech.

Vanquished Creatures
  Gastronok (D:9)
  An orc warlord (Orc:2)
  An ironbound preserver (D:14)
  A stone giant (D:15)
  3 slime creatures
  2 eleionomae (Swamp:1)
  A dire elephant (Lair:6)
  2 bunyips (Swamp:2)
  An ettin (Orc:2)
  9 hydras
  7 boulder beetles
  Erolcha (Orc:1)
  A catoblepas (Lair:6)
  4 death yaks
  7 centaur warriors
  13 two-headed ogres
  3 orc high priests
  7 spriggans
  3 tengu warriors
  Sonja (Lair:6)
  2 goliath frogs
  A spriggan druid (Swamp:1)
  2 swamp dragons
  A bog body (Swamp:1)
  A wizard (D:14)
  A harpy (shapeshifter) (D:14)
  3 orc knights (Orc:2)
  Pikel (D:9)
  4 orc sorcerers (Orc:2)
  22 ugly things
  4 deep elf pyromancers
  A cyclops (D:14)
  19 elephants
  Joseph (D:10)
  12 black mambas
  2 gargoyles (D:12)
  15 cane toads
  Maggie (D:7)
  An unseen horror (D:12)
  An unseen horror (shapeshifter) (D:15)
  A freezing wraith (D:15)
  A rime drake (Lair:3)
  2 efreet
  4 komodo dragons
  A troll (D:10)
  11 polar bears
  A bloated husk (Swamp:2)
  5 tyrant leeches
  A polar bear (shapeshifter) (D:15)
  9 hornets
  22 blink frogs
  A raiju (Lair:6)
  11 dream sheep (Lair:6)
  A meliai zombie (D:11)
  2 wraiths
  A vampire (D:12)
  Sigmund (D:6)
  A redback (Lair:6)
  2 basilisks (Lair:4)
  7 wyverns
  33 yaks
  A steam dragon (Lair:4)
  5 vampire mosquitoes
  Edmund (D:4)
  4 wargs (Lair:6)
  8 swamp worms
  2 acid dragons
  26 water moccasins
  16 hell hounds (Lair:6)
  An ice beast (D:8)
  5 swamp drakes
  32 orc warriors
  14 black bears
  4 necrophages
  A sky beast (D:5)
  18 ogres
  18 wolves
  5 centaurs
  4 lemures (D:9)
  2 kobold brigands (D:9)
  8 bullfrogs
  A gnoll sergeant (D:10)
  A scorpion (D:6)
  3 water moccasin zombies
  A water moccasin skeleton (D:5)
  12 killer bees
  6 wights
  3 howler monkeys
  4 electric eels (D:10)
  3 centaur zombies
  2 bullfrog zombies
  A jelly (D:5)
  2 gnoll shamans
  4 hounds
  23 orc priests
  A bullfrog skeleton (D:6)
  6 iguanas
  28 orc wizards
  A hound zombie (D:5)
  28 gnolls
  9 adders
  A white imp (D:6)
  A worm (D:4)
  4 dart slugs
  92 orcs
  2 ball pythons
  3 bats (D:1)
  4 endoplasms
  4 giant cockroaches
  4 goblins
  7 hobgoblins
  7 jackals
  16 kobolds
  3 quokkas
  6 frilled lizards
  3 rats
753 creatures vanquished.

Vanquished Creatures (collateral kills)
  An ugly thing (D:15)
  A deep elf pyromancer (D:15)
2 creatures vanquished.

Vanquished Creatures (others)
  41 fungi
  69 plants
110 creatures vanquished.

Grand Total: 865 creatures vanquished

Notes
Turn   | Place    | Note
-------+----------+-------------------------------------------
     0 | D:1      | Mageowned the Minotaur Berserker began the quest for the
                  | Orb.
     0 | D:1      | Reached XP level 1. HP: 19/19 MP: 0/0
   173 | D:1      | Reached XP level 2. HP: 26/27 MP: 1/1
   532 | D:1      | Reached skill level 4 in Fighting
   675 | D:1      | Found a faded altar of an unknown god.
   918 | D:1      | Found Zabaxo's Magic Scroll Shoppe.
  1056 | D:1      | Reached XP level 3. HP: 11/33 MP: 2/2
  1363 | D:2      | Reached ** piety under Trog
  2127 | D:3      | Reached skill level 1 in Short Blades
  2127 | D:3      | Reached XP level 4. HP: 32/41 MP: 3/3
  2746 | D:3      | Reached XP level 5. HP: 47/47 MP: 4/4
  3338 | D:4      | Reached skill level 5 in Fighting
  3438 | D:4      | Reached XP level 6. HP: 53/56 MP: 5/5
  3879 | D:4      | Reached *** piety under Trog
  3985 | D:4      | Noticed Edmund
  4003 | D:4      | Killed Edmund
  4004 | D:4      | Reached skill level 5 in Armour
  4004 | D:4      | Reached XP level 7. HP: 62/62 MP: 6/6
  4315 | D:5      | Entered Level 5 of the Dungeon
  4331 | D:5      | Reached skill level 6 in Fighting
  4362 | D:5      | Reached skill level 5 in Dodging
  5244 | D:5      | Reached XP level 8. HP: 68/71 MP: 7/7
  5903 | D:5      | Reached skill level 7 in Fighting
  5903 | D:5      | Reached skill level 5 in Short Blades
  6912 | D:6      | Noticed Sigmund
  6927 | D:6      | Killed Sigmund
  6928 | D:6      | Reached skill level 5 in Axes
  6928 | D:6      | Reached skill level 1 in Shields
  7218 | D:6      | Reached **** piety under Trog
  7309 | D:6      | Identified the +11 long sword "Transmigrator" {vorpal, rC-
                  | Str+6}
  7321 | D:6      | Reached XP level 9. HP: 73/81 MP: 8/8
  7838 | D:7      | Reached skill level 8 in Fighting
  7882 | D:7      | Found a staircase to the Ecumenical Temple.
  7933 | D:8      | Noticed a two-headed ogre
  7940 | D:8      | Killed a two-headed ogre
  8136 | D:7      | Reached skill level 9 in Fighting
  8263 | D:7      | Noticed Maggie
  8272 | D:7      | Killed Maggie
  8273 | D:7      | Reached skill level 5 in Shields
  8794 | D:8      | Found a staircase to the Lair.
  8832 | D:8      | Reached XP level 10. HP: 79/90 MP: 9/9
  8978 | D:8      | Identified the +3 leather armour of the Eagle {Harm rF-
                  | rCorr}
  9011 | D:8      | Identified the +1 robe "Qoodd" {Str-4 Dex+6}
  9304 | D:9      | Reached skill level 5 in Long Blades
  9350 | D:9      | Found a staircase to the Orcish Mines.
  9822 | D:9      | Noticed Pikel
  9831 | D:10     | Entered Level 10 of the Dungeon
  9875 | D:9      | Killed Pikel
  9876 | D:9      | Reached skill level 10 in Fighting
 10052 | D:9      | Found a runed translucent gate.
 10052 | D:9      | Found a runed translucent gate.
 10052 | D:9      | Found a runed translucent gate.
 10054 | D:9      | Noticed Decritt's ghost (novice MiFi)
 10054 | D:9      | Noticed Peloso's ghost (novice MiFi)
 10054 | D:9      | Noticed Peloso's ghost (novice MiFi)
 10056 | D:9      | Noticed fly's ghost (journeyman FoDe)
 10056 | D:9      | Noticed drclinical's ghost (novice HOBe)
 10127 | D:9      | Noticed Gastronok
 10130 | D:9      | Noticed a centaur warrior
 10541 | Orc:1    | Entered Level 1 of the Orcish Mines
 10721 | D:9      | Killed a centaur warrior
 10798 | D:9      | Killed Gastronok
 10799 | D:9      | Reached skill level 10 in Armour
 12037 | D:10     | Reached XP level 11. HP: 101/101 MP: 10/10
 12111 | D:10     | Paralysed by a hornet for 1 turns
 12114 | D:10     | Paralysed by a hornet for 3 turns
 13142 | D:11     | Paralysed by an orc for 4 turns
 13426 | D:12     | Noticed a boulder beetle
 13444 | D:12     | Killed a boulder beetle
 13445 | D:12     | Reached skill level 11 in Fighting
 14117 | D:10     | Noticed a two-headed ogre
 14157 | D:11     | Noticed a two-headed ogre
 14174 | D:11     | Killed a two-headed ogre
 14205 | D:10     | Killed a two-headed ogre
 14364 | D:10     | Paralysed by a hornet for 2 turns
 14702 | D:10     | Noticed Joseph
 14809 | D:10     | Killed Joseph
 15007 | D:10     | Noticed a centaur warrior
 15014 | D:10     | Killed a centaur warrior
 15078 | D:10     | Noticed a tengu warrior
 15090 | D:10     | Killed a tengu warrior
 15161 | D:10     | Noticed a centaur warrior
 15167 | D:10     | Killed a centaur warrior
 15484 | D:1      | Bought a scroll of fear for 45 gold pieces
 15484 | D:1      | Bought a scroll of enchant weapon for 97 gold pieces
 15484 | D:1      | Bought 3 scrolls of identify for 78 gold pieces
 15484 | D:1      | Bought a scroll of enchant weapon for 97 gold pieces
 15718 | D:12     | Noticed a deep elf pyromancer
 15734 | D:12     | Noticed a white ugly thing
 15774 | D:10     | Found an iron altar of Okawaru.
 16663 | D:12     | Identified the +8 great sword "Rotriceho" {pain, rF+}
 16666 | D:12     | Reached skill level 12 in Fighting
 16873 | D:12     | Noticed a two-headed ogre
 16877 | D:12     | Killed a two-headed ogre
 16904 | D:12     | Reached XP level 12. HP: 111/113 MP: 11/11
 17361 | D:12     | Reached skill level 10 in Shields
 17494 | D:12     | Noticed a five-headed hydra
 17849 | D:11     | Killed a five-headed hydra
 18063 | D:13     | Noticed a boulder beetle
 18063 | D:13     | Noticed a boulder beetle
 18078 | D:12     | Killed a boulder beetle
 18079 | D:12     | Reached skill level 10 in Long Blades
 18188 | D:13     | Killed a boulder beetle
 18498 | D:13     | Noticed a four-headed hydra
 18504 | D:13     | Killed a one-headed hydra
 18533 | D:13     | You fall into a shaft and drop 2 floors!
 18533 | D:15     | Entered Level 15 of the Dungeon
 18548 | D:14     | Reached skill level 13 in Fighting
 18678 | D:14     | Noticed a boulder beetle
 18688 | D:14     | Killed a boulder beetle
 19469 | D:14     | Found a gate to the Vaults.
 19469 | D:14     | Noticed an ironbound preserver
 19469 | D:14     | Noticed a centaur warrior
 19476 | D:14     | Killed a centaur warrior
 19480 | D:14     | Reached XP level 13. HP: 123/123 MP: 12/12
 19484 | D:14     | Killed an ironbound preserver
 20385 | D:14     | Reached skill level 14 in Fighting
 20465 | D:15     | Found a broken altar of Ashenzari.
 20761 | D:15     | Found a runed translucent gate.
 21061 | D:15     | Found a staircase to the Depths.
 21061 | D:15     | Noticed a stone giant
 21067 | D:15     | Killed a stone giant
 21235 | D:15     | Found a runed translucent gate.
 21235 | D:15     | Found a runed translucent gate.
 21236 | D:15     | Noticed Peloso's ghost (adept MiFi)
 22012 | Lair:1   | Entered Level 1 of the Lair of Beasts
 22131 | Lair:1   | Reached skill level 15 in Fighting
 22487 | Lair:1   | Reached XP level 14. HP: 132/135 MP: 13/13
 22734 | Lair:1   | Reached ***** piety under Trog
 22914 | Lair:2   | Reached skill level 15 in Armour
 23604 | Lair:3   | Found a staircase to the Snake Pit.
 23666 | Lair:3   | Found a staircase to the Swamp.
 24744 | Lair:4   | Identified the ring of Xapeeriv {Drain rElec rCorr Int+4
                  | Dex+8}
 25036 | Lair:4   | Identified a scroll of acquirement
 25036 | Lair:4   | Acquired the amulet "Moxkouty" {Reflect *Corrode rElec SH+5
                  | SInv Stlth+}
 25900 | Lair:5   | Reached skill level 16 in Fighting
 26555 | Lair:5   | Identified the +8 hunting sling of Linearity {speed, rPois
                  | rCorr Str+3}
 26575 | Lair:6   | Entered Level 6 of the Lair of Beasts
 26712 | Lair:6   | Reached skill level 1 in Throwing
 27026 | Lair:6   | Acquired the +11 plutonium sword {Contam Stlth-}
 27026 | Lair:6   | Found the +11 plutonium sword {Contam Stlth-}
 27268 | Lair:6   | Reached XP level 15. HP: 122/145 MP: 14/14
 27462 | Lair:6   | Received a gift from Trog
 27540 | Lair:6   | Reached skill level 15 in Shields
 27592 | Lair:6   | Noticed Sonja
 27598 | Lair:6   | Killed Sonja
 28083 | Lair:6   | Reached skill level 17 in Fighting
 28227 | Lair:6   | Received a gift from Trog
 28376 | Lair:6   | Found a staircase to the Slime Pits.
 29087 | Orc:1    | Found a shimmering altar of Xom.
 29357 | Orc:2    | Entered Level 2 of the Orcish Mines
 29357 | Orc:2    | Found a staircase to the Elven Halls.
 29675 | Orc:2    | Reached skill level 5 in Throwing
 30068 | Orc:2    | Received a gift from Trog
 30121 | Orc:1    | Found Damp's Armour Shop.
 30489 | Orc:1    | Bought a +1 pair of gloves of strength for 231 gold pieces
 30695 | Orc:1    | Noticed Erolcha
 30703 | Orc:1    | Killed Erolcha
 31060 | Orc:2    | Noticed an orc warlord
 31080 | Orc:2    | Killed an orc warlord
 31570 | Orc:2    | Received a gift from Trog
 31670 | Orc:2    | Found Adida's Antique Armour Emporium.
 31675 | Orc:2    | Found Xoyttais's Antique Weapon Shoppe.
 31766 | Orc:2    | Found Ymecy's General Store.
 31766 | Orc:2    | Found Xumakhih's Jewellery Emporium.
 31791 | Orc:2    | Bought a pair of glowing boots for 217 gold pieces
 31795 | Orc:2    | Bought a runed long sword for 188 gold pieces
 32254 | Swamp:1  | Entered Level 1 of the Swamp
 32371 | Swamp:1  | Reached skill level 15 in Long Blades
 32708 | Swamp:1  | Reached XP level 16. HP: 151/157 MP: 15/15
 32831 | Swamp:1  | Found a transporter.
 32869 | Swamp:1  | Found a transporter.
 33549 | Swamp:2  | Reached skill level 18 in Fighting
 33578 | Swamp:2  | Slain by a tyrant leech

Illustrated notes

Levels and vault maps discovered:
D:1:      nicolae_arrival_somewhat_less_tricky_arrival, layout_basic,
          dilly_ecumenical_altar_fadedgnrine, serial_shops,
          nicolae_shop_advertising_works [nicolae_subvault_shop_adworks]
D:2:      layout_basic, serial_rivers, chequers_serial_rivers_large_a,
          chequers_serial_rivers_micro_a, chequers_serial_rivers_small_a,
          chequers_serial_rivers_small_3, chequers_serial_rivers_micro_c
D:3:      layout_basic, amcnicky_mini_rare_corridor_liquid
D:4:      layout_basic, uniq_edmund
D:5:      layout_layer_cave
D:6:      layout_cave_pools, uniq_sigmund
D:7:      layout_basic, minmay_temple_entry_gardened_gates,
          roderic_roman_lattice, uniq_maggie
D:8:      layout_cave_pools, lair_entry_dummy
D:9:      layout_big_octagon, david_orc_5, gammafunk_ghost_cemetery,
          hangedman_abyss_or_decor_clamps, uniq_gastronok, uniq_pikel
D:10:     layout_cave_pools, kennysheep_mini_moat, serial_bayou,
          serial_bayou_ford_a, serial_bayou_shore_a, serial_bayou_lake_a,
          serial_bayou_shore_b, wad_mini_maze, uniq_joseph
D:11:     layout_basic
D:12:     layout_loops_ring
D:13:     layout_roguey, corexii_corridor_pit
D:14:     layout_stronghold, skrybe_vaults_entry_preservation, nrook_campfire,
          corexii_corridor_pit
D:15:     grunt_enter_depths_snipers, layout_rooms,
          ashenzari_conservatory_becter, gammafunk_ghost_hydra_chop,
          minmay_between
Lair:1:   layout_cellular_growth, grunt_megastairs_5
Lair:2:   layout_cave_shapes, special_room [special_room_bee], enter_volcano_4,
          serial_bayou, serial_bayou_pond_a, serial_bayou_pond_b,
          serial_bayou_pond_b, serial_bayou_pond_a, grunt_megastairs_2
Lair:3:   layout_regular_city, swamp_mist, dummy_snake_entry
Lair:4:   layout_small_grid
Lair:5:   layout_regular_city, columned_hall_lemuel, grunt_megastairs_3
Lair:6:   hangedman_lair_caniforms_friends, layout_layer_cave,
          hangedman_lair_tendril_chambers, dpeg_slime_entry_corner, uniq_sonja
Swamp:1:  gammafunk_worm_tunnel, layout_basic_swamp,
          evilmike_swamp_ruin_house_4, swamp_pool2,
          nicolae_swamp_necromancy_gone_wrong
Swamp:2:  layout_basic_swamp, portal_ice_cave_entry_dragon,
          evilmike_swamp_ruin_house_5
Orc:1:    lemuel_ogre_cave, layout_diamond_mine, basic_altar, serial_shops, shop
Orc:2:    st_orc_congregation, layout_caves, mines2_david

Skill      XL: |  1  2  3  4  5  6  7  8  9 10 11 12 13 14 15 16 |
---------------+-------------------------------------------------+-----
Fighting       | 4 5 6 7 9 10 12 13 15 16 17 18 | 18.0
Axes           | 4 5 |  5.2
Armour         | 3 4 5 6 7 8 10 12 13 14 16 17 | 17.8
Dodging        | 3 4 5 6 |  6.5
Short Blades   | 1 2 3 4 5 |  5.0
Shields        | 1 5 7 9 11 13 14 15 | 15.0
Long Blades    | 4 7 9 11 13 15 | 15.3
Throwing       | 2 6 7 |  7.0

Action                   |  1- 3 |  4- 6 |  7- 9 | 10-12 | 13-15 | 16-18 || total
-------------------------+-------+-------+-------+-------+-------+-------++-------
Melee: Hand axe          |    55 |       |       |       |       |       ||    55
       Headbutt          |    16 |    19 |    45 |    96 |   242 |    24 ||   442
       Short sword       |    37 |   105 |    98 |       |       |       ||   240
       War axe           |       |       |    65 |       |       |       ||    65
       Long sword        |       |       |    46 |   360 |   918 |       ||  1324
       Whip              |       |       |       |     6 |       |       ||     6
       Scimitar          |       |       |       |     4 |    12 |       ||    16
       Double sword      |       |       |       |       |    58 |    89 ||   147
Throw: Stone             |       |     3 |       |       |       |       ||     3
       Dart              |       |       |       |    10 |     3 |       ||    13
Invok: Berserk           |       |     5 |     5 |    21 |    24 |     1 ||    56
Evoke: Wand              |       |       |    10 |       |       |       ||    10
  Use: Scroll            |     2 |     3 |     4 |    12 |    16 |       ||    37
       Potion            |       |       |     3 |       |     3 |     3 ||     9
Armor: Ring mail         |    41 |    11 |       |       |       |       ||    52
       Scale mail        |       |    19 |   101 |    32 |       |       ||   152
       Plate armour      |       |       |       |   118 |   393 |    38 ||   549
Dodge: Dodged            |    48 |    45 |   192 |   191 |   308 |    34 ||   818
Block: Kite shield       |       |       |     4 |   183 |   646 |    69 ||   902

Table legend: (Time is in decaauts)
 A = Elapsed time spent in this place.
 B = Non-inter-level travel time spent in this place.
 C = Inter-level travel time spent in this place.
 D = Time resting spent in this place.
 E = Time spent auto-exploring this place.
 F = Levels seen in this place.
 G = Mean time per level.
                   A        B        C        D        E       F      G
               +--------+--------+--------+--------+--------+-----+--------+
         Total |  34005 |  32374 |   1631 |   8198 |  17483 |  25 | 1360.2 |
       Dungeon |  22525 |  21352 |   1173 |   6436 |  10968 |  15 | 1501.7 |
          Lair |   7058 |   6663 |    395 |    929 |   4571 |   6 | 1176.3 |
         Swamp |   1366 |   1366 |      0 |    191 |    690 |   2 |  683.0 |
  Orcish Mines |   3055 |   2993 |     62 |    640 |   1252 |   2 | 1527.5 |
               +--------+--------+--------+--------+--------+-----+--------+

Top non-repeatable levels by time:
    D:11: 2565 daAuts
     D:9: 2356 daAuts
  Lair:6: 2330 daAuts
    D:14: 2099 daAuts
   Orc:2: 2043 daAuts
     D:5: 1963 daAuts
    D:12: 1928 daAuts
     D:4: 1895 daAuts
    D:10: 1735 daAuts
  Lair:3: 1428 daAuts
     D:1: 1412 daAuts
  Lair:4: 1260 daAuts
     D:7: 1227 daAuts
 Swamp:1: 1160 daAuts
     D:8: 1041 daAuts
